Map: Thunderbird LE

Players

TheoRy - Winner!

  • Race: Protoss Protoss
  • Spawn Location: 11:00

TurkeyDano

  • Race: Protoss Protoss
  • Spawn Location: 5:00

VOD

Have the link to the VOD?

Description

Time

  • Played on: Sept. 6, 2019, 2:26 p.m.
  • Length: 6:30
Show
View Real Time Build Order
Export as new Build Order

TheoRy Protoss - Winner!

Build Orders:  

Get SALT Encoding   

  12  0:00  Probe  
  13  0:15  Pylon  
  13  0:17  Probe  
  14  0:29  Probe  
  14  0:35  Gateway  
  15  0:37  Probe  
  16  0:45  Probe  
  17  0:50  Assimilator  
  17  0:56  Probe  
  18  1:08  Probe  
  19  1:13  Zealot  
  19  1:15  Pylon  
  21  1:29  Probe  
  22  1:35  Pylon  
  22  1:44  Zealot  
  24  2:00  Probe  
  25  2:09  Cybernetics Core, Probe  
  25  2:12  Assimilator  
  26  2:21  Probe  
  29  2:35  Warp Gate  
  27  2:38  Probe  
  28  2:49  Pylon  
  29  2:52  Robotics Facility  
  29  3:01  Stalker  
  30  3:14  Gateway  
  30  3:17  Gateway  
  30  3:18  Gateway  
  30  3:26  Shield Battery  
  30  3:34  Stalker  
  32  3:40  Pylon  
  32  3:55  Warp Prism  
  34  4:12  Shield Battery  
  34  4:13  Shield Battery  
  34  4:25  Stalker x2  
  34  4:26  Stalker  
  40  4:32  Pylon  
  40  4:38  Shield Battery  
  40  4:47  Shield Battery  
  40  4:53  Shield Battery  
  40  4:56  Stalker  
  42  5:01  Sentry  
  42  5:02  Sentry  
  44  5:21  Stalker  
  44  5:28  Stalker  
  44  5:29  Stalker  
  46  5:42  Shield Battery  
  46  5:43  Shield Battery  
  46  5:45  Sentry  
  48  5:52  Sentry  
  48  5:53  Stalker  
  52  6:02  Shield Battery  
  50  6:10  Zealot  
  50  6:17  Stalker  
  48  6:23  Stalker  
Show
View Real Time Build Order
Export as new Build Order

TurkeyDano Protoss 

Build Orders:  

Get SALT Encoding   

  1  0:00  Probe  
  12  0:04  Probe  
  14  0:17  Pylon  
  15  0:21  Probe  
  15  0:35  Probe  
  16  0:37  Forge  
  16  0:47  Probe  
  17  0:59  Probe  
  17  1:00  Pylon  
  18  1:22  Photon Cannon, Gateway  
  18  1:23  Pylon  
  18  1:27  Probe  
  18  1:33  Assimilator  
  18  1:39  Pylon  
  18  1:46  Probe  
  19  1:50  Photon Cannon  
  19  2:01  Gateway  
  19  2:03  Probe  
  19  2:12  Cybernetics Core  
  19  2:21  Probe  
  22  2:24  Assimilator  
  22  2:29  Gateway  
  22  2:33  Probe  
  21  2:41  Photon Cannon  
  21  2:48  Probe  
  21  2:49  Warp Gate  
  22  2:56  Gateway  
  22  3:01  Pylon  
  22  3:07  Probe  
  22  3:10  Stalker  
  25  3:25  Stargate  
  25  3:40  Stalker  
  26  3:46  Shield Battery  
  26  3:50  Stalker  
  28  4:01  Phoenix  
  28  4:02  Probe  
  29  4:05  Pylon  
  31  4:19  Phoenix  
  31  4:24  Gateway  
  33  4:41  Stalker  
  33  4:43  Stalker  
  35  5:04  Shield Battery  
  35  5:05  Pylon, Stalker  
  37  5:15  Stalker  
  36  5:29  Stalker  
  37  5:42  Stalker  
  39  5:50  Pylon  
  39  6:05  Pylon  
  39  6:06  Pylon  
  27  6:23  Stalker x2  
Tags
 
Add a new tag
Caveats
  • Supply blocks, unpowered buildings, or Contaminate may cause inaccurate times.
  • Supply counts are checked every 10 seconds.